 Dungeon Crawl Stone Soup version 0.31-a0-845-g9abc20d24f (webtiles) character file.

Game seed: 16193099079700924958

6755 Dirtsage the Severer (level 10, -2/83 HPs)
             Began as a Minotaur Fighter on Oct 2, 2023.
             Was a Priest of Okawaru.
             Slain by Fannar
             ... wielding a staff of cold
              (7 damage)
             ... on level 11 of the Dungeon.
             The game lasted 00:13:27 (9413 turns).

Dirtsage the Severer (Minotaur Fighter)             Turns: 9413, Time: 00:13:28

Health: -2/83      AC: 22    Str: 23    XL:     10   Next: 75%
Magic:  9/10       EV: 15    Int:  7    God:    Okawaru [***...]
Gold:   346        SH:  7    Dex: 15    Spells: 9/9 levels left

rFire   . . .        a - +0 war axe
rCold   . . .        c - +0 buckler
rNeg    . . .        M - +6 scale mail "Uloff" {rPois Dex+5}
rPois   +            (helmet restricted)
rElec   .            (no cloak)
rCorr   .            F - +0 pair of gloves
SInv    .            k - +0 pair of boots
Will    +....        v - amulet of faith
Stlth   ++           r - ring of willpower
HPRegen 0.33/turn    p - +4 ring of protection
MPRegen 0.12/turn

%: faith
@: heroic, studying Dodging
A: horns 2, retaliatory headbutt
a: Renounce Religion, Heroism


You were on level 11 of the Dungeon.
You worshipped Okawaru.
Okawaru was most pleased with you.
You visited 2 branches of the dungeon, and saw 12 of its levels.
You also visited: Sewer.

You collected 553 gold pieces.
You spent 207 gold pieces at shops.

Inventory:

Hand Weapons
 a - a +0 war axe (weapon)
Missiles
 O - a throwing net
Armour
 c - a +0 buckler (worn)
 k - a +0 pair of boots (worn)
 y - a +1 scale mail of fire resistance
 F - a +0 pair of gloves (worn)
 M - the +6 scale mail "Uloff" (worn) {rPois Dex+5}
   (You bought it in a shop on level 6 of the Dungeon)

   Dex+5:     It affects your dexterity (+5).
   rPois:     It protects you from poison
Jewellery
 p - a +4 ring of protection (right hand)
 r - a ring of willpower (left hand)
 t - an amulet of reflection
 v - an amulet of faith (around neck)
 C - a ring of resist corrosion
 D - a ring of fire
 W - a ring of wizardry
Wands
 n - a wand of mindburst (19)
 u - a wand of iceblast (25)
 K - a wand of flame (7)
 R - a wand of light (2)
Scrolls
 b - 5 scrolls of teleportation {unknown}
 f - 2 scrolls of enchant armour
 g - a scroll of fear
 m - a scroll of vulnerability
 q - a scroll of revelation
 w - a scroll of silence
 B - 2 scrolls of noise
 E - a scroll of fog {unknown}
 G - 2 scrolls of poison {unknown}
 H - a scroll of torment {unknown}
 J - 2 scrolls of amnesia {unknown}
 L - 2 scrolls of enchant weapon {unknown}
 Q - a scroll of immolation
Potions
 d - a potion of might
 e - 8 potions of curing {unknown}
 h - 2 potions of enlightenment
 i - a potion of ambrosia {unknown}
 j - a potion of mutation {unknown}
 l - a potion of degeneration {unknown}
 o - 2 potions of lignification {unknown}
 s - 3 potions of brilliance {unknown}
 x - a potion of cancellation {unknown}
 z - 2 potions of attraction {unknown}
 A - 3 potions of magic
 I - a potion of heal wounds {unknown}
 N - a potion of haste {unknown}
 P - a potion of resistance {unknown}
 S - a potion of invisibility {unknown}


   Skills:
 + Level 6.3(11.3) Fighting
 + Level 16.3(21.3) Axes
 + Level 6.2(11.2) Armour
 + Level 5.8(10.8) Dodging
 + Level 6.1(11.1) Shields
 * Level 2.5 Invocations


You had 9 spell levels left.
You didn't know any spells.
Your spell library contained the following spells:

 Spells                   Type           Power      Damage    Failure   Level
 Dazzling Flash           Conj/Hex       0%         N/A       97%         3
 Stone Arrow              Conj/Erth      0%         3d7       97%         3
 Agony                    Necr           0%         N/A       100%        5
 Lee's Rapid Deconstruct  Erth           0%         3d4*      100%        5
 Silence                  Hex/Air        0%         N/A       100%        5
 Lehudib's Crystal Spear  Conj/Erth      0%         10d2      100%        8
 Animate Armour           Summ/Erth      Unusable   N/A       N/A         4
 Summon Lightning Spire   Summ/Air       Unusable   N/A       N/A         4

Dungeon Overview and Level Annotations

Branches:
Dungeon (11/15)            Temple (1/1) D:7            Lair (0/5) D:10
    Orc (0/2) D:10          Sewer (visited)

Altars:
Ashenzari
Cheibriados
Dithmenos
Elyvilon
Fedhas
Gozag
Hepliaklqana
Kikubaaqudgha
Makhleb
Nemelex Xobeh
Okawaru
Qazlal
Ru
Sif Muna
Trog
Uskayaw
Vehumet
Wu Jian
Xom
Yredelemnul
Zin
The Shining One

Shops:
D:4 *   D:6 [   D:8 =   D:9 (

Annotations:
D:8 1 runed translucent door, shbulbulush's ghost, novice TrGl
D:11 Fannar


Innate Abilities, Weirdness & Mutations

You have a pair of horns on your head.
You reflexively headbutt those who attack you in melee.


Message History

You barely miss the ice beast. You hit the cyclops.
The ice beast barely misses you. The cyclops hits you!
* * * LOW HITPOINT WARNING * * *
You take 10 damage, and have 24/83 hp.
You barely miss the ice beast.
The ice beast is lightly wounded.
You hit the ice beast. You barely miss the cyclops.
The ice beast closely misses you. You furiously retaliate!
You headbutt the ice beast.
The ice beast hits you but does no damage.
You hit the ice beast but do no damage.
The ice beast is moderately wounded.
You hit Fannar. You hit the ice beast but do no damage. You slash the cyclops!
The ice beast barely misses you. Fannar hits you but does no damage.
Fannar freezes you.
* * * LOW HITPOINT WARNING * * *
The cyclops misses you.
You take 6 damage, and have 18/83 hp.
You miss Fannar. You headbutt Fannar, but do no damage.
Fannar is lightly wounded.
You hit the ice beast. You hit the cyclops but do no damage.
You slash the ice beast! The ice beast completely misses you.
You hit Fannar.
Fannar is lightly wounded.
You hit the ice beast. You slash the cyclops! You barely miss the ice beast.
The ice beast barely misses you. Fannar hits you with a staff of cold!
* * * LOW HITPOINT WARNING * * *
Fannar freezes you!
* * * LOW HITPOINT WARNING * * *
The ice beast closely misses you. You furiously retaliate!
You headbutt the ice beast. The cyclops closely misses you.
You take 13 damage, and have 5/83 hp.
You slice Fannar!!
Fannar is moderately wounded.
You barely miss the ice beast. You slash the cyclops!
You kill the cyclops!
Okawaru is honoured by your kill.
You closely miss the ice beast. The ice beast barely misses you.
Fannar hits you with a staff of cold!
You die...

##+###...
#...............#
#...............#
#...............+
##........ #.....#
.....##### #.....#
#...># #.....#### #....#
#...(Ye..# #....# #@Y..#
#....# #....#
#....###########....#...
#.....##................
#.....##.#############.#
#.................. .
#......#.#.........
.......#.#.########
.......#.#.#


You could see Fannar and 2 ice beasts.

Vanquished Creatures
  2 two-headed ogres
  An oklob plant (D:10)
  2 cyclopes
  A komodo dragon (D:6)
  A troll (D:9)
  Prince Ribbit (D:8)
  2 wyverns
  An acid dragon (D:9)
  2 water moccasins
  3 sky beasts
  A black bear (D:5)
  An ogre (D:6)
  2 ice beasts (D:7)
  6 centaurs
  2 phantoms
  2 gnoll sergeants
  5 scorpions
  15 killer bees
  4 electric eels
  2 hounds
  2 jellies
  3 orc priests
  An iron imp (D:6)
  3 sleepcaps
  8 iguanas
  5 orc wizards
  14 gnolls
  12 adders
  2 river rats (Sewer)
  2 shadow imps
  2 white imps
  An ufetubus (D:5)
  2 worms
  3 dart slugs
  31 orcs
  8 ball pythons
  6 bats
  9 endoplasms
  6 giant cockroaches
  13 goblins
  9 hobgoblins
  7 jackals
  5 quokkas
  7 frilled lizards
  3 kobolds
  8 rats
228 creatures vanquished.

Notes
Turn   | Place    | Note
-------+----------+-------------------------------------------
     0 | D:1      | Dirtsage the Minotaur Fighter began the quest for the Orb.
     0 | D:1      | Reached XP level 1. HP: 19/19 MP: 0/0
    47 | D:1      | Reached skill level 3 in Axes
    52 | D:1      | Reached XP level 2. HP: 26/26 MP: 1/1
   261 | D:1      | Reached skill level 4 in Axes
   394 | D:1      | Reached XP level 3. HP: 31/31 MP: 2/2
   521 | D:1      | Found a faded altar of an unknown god.
  1013 | D:2      | Reached skill level 5 in Axes
  1097 | D:2      | Reached XP level 4. HP: 39/39 MP: 3/3
  1859 | D:3      | Reached skill level 6 in Axes
  2097 | D:4      | Found Ojowk's Overcharged Wands.
  2104 | D:4      | Reached XP level 5. HP: 36/45 MP: 4/4
  2212 | D:4      | Reached skill level 7 in Axes
  2478 | D:4      | Found a glowing drain.
  2501 | Sewer    | Entered a sewer
  2900 | D:4      | Reached skill level 8 in Axes
  2900 | D:4      | Reached XP level 6. HP: 28/51 MP: 5/5
  3319 | D:4      | Found a burning altar of Makhleb.
  3383 | D:5      | Entered Level 5 of the Dungeon
  3405 | D:5      | Reached skill level 9 in Axes
  3427 | D:5      | Reached XP level 7. HP: 35/57 MP: 6/6
  3504 | D:5      | Identified the +1 robe of Disappointment {Harm Fly Str+3
                  | Slay-6}
  3568 | D:5      | Reached skill level 10 in Axes
  3814 | D:5      | Reached skill level 11 in Axes
  3819 | D:5      | Found a shimmering blue altar of Sif Muna.
  3837 | D:5      | Found a broken altar of Ashenzari.
  4044 | D:5      | Reached XP level 8. HP: 54/64 MP: 7/7
  4234 | D:6      | Reached skill level 12 in Axes
  4383 | D:6      | Found a snail-covered altar of Cheibriados.
  4444 | D:6      | You fall into a shaft and drop 3 floors!
  4472 | D:8      | Found an ornate altar of the Wu Jian Council.
  4602 | D:8      | Noticed Prince Ribbit
  4608 | D:8      | Reached skill level 13 in Axes
  4617 | D:8      | Killed Prince Ribbit
  4779 | D:8      | Found a glowing silver altar of Zin.
  4958 | D:7      | Reached skill level 14 in Axes
  4958 | D:7      | Reached XP level 9. HP: 52/70 MP: 8/8
  5656 | D:6      | Found Xumajiz's Antique Armour Boutique.
  5753 | D:6      | Reached skill level 15 in Axes
  5753 | D:6      | Noticed a komodo dragon
  5756 | D:6      | Killed a komodo dragon
  5757 | D:6      | Reached skill level 1 in Dodging
  5764 | D:6      | Noticed a cyclops
  5767 | D:6      | Killed a cyclops
  6037 | D:6      | Found a white marble altar of Elyvilon.
  6246 | D:7      | Found a staircase to the Ecumenical Temple.
  6271 | Temple   | Entered the Ecumenical Temple
  6291 | Temple   | Became a worshipper of Warmaster Okawaru
  6377 | D:7      | Found a glowing golden altar of the Shining One.
  6694 | D:6      | Bought a smelly scale mail for 207 gold pieces
  6694 | D:6      | Identified the +6 scale mail "Uloff" {rPois Dex+5} (You
                  | bought it in a shop on level 6 of the Dungeon)
  6756 | D:8      | Found a sacrificial altar of Ru.
  6759 | D:8      | Found a runed translucent door.
  6759 | D:8      | Noticed a six-headed hydra
  6759 | D:8      | Noticed shbulbulush's ghost (novice TrGl)
  6795 | D:8      | Found Tuorch's Jewellery Shoppe.
  6797 | D:8      | Noticed a two-headed ogre
  6807 | D:8      | Killed a two-headed ogre
  6808 | D:8      | Reached skill level 5 in Fighting
  6808 | D:8      | Reached XP level 10. HP: 63/81 MP: 9/9
  6895 | D:8      | Reached skill level 5 in Armour
  7071 | D:8      | Reached skill level 5 in Shields
  7307 | D:9      | Reached * piety under Okawaru
  7624 | D:9      | Reached skill level 16 in Axes
  7744 | D:9      | Found a radiant altar of Vehumet.
  7765 | D:9      | Found Womux's Antique Weapon Shop.
  7777 | D:9      | Reached ** piety under Okawaru
  8339 | D:10     | Entered Level 10 of the Dungeon
  8552 | D:10     | Reached skill level 5 in Dodging
  8555 | D:10     | Noticed a two-headed ogre
  8562 | D:10     | Killed a two-headed ogre
  8563 | D:10     | Reached skill level 1 in Invocations
  8824 | D:10     | Found a staircase to the Lair.
  8824 | D:10     | Noticed an oklob plant
  8835 | D:10     | Killed an oklob plant
  9242 | D:10     | Found a staircase to the Orcish Mines.
  9400 | D:11     | Noticed a cyclops
  9401 | D:11     | Noticed Fannar
  9413 | D:11     | Killed a cyclops
  9413 | D:11     | Reached *** piety under Okawaru
  9413 | D:11     | Slain by Fannar

Illustrated notes

Levels and vault maps discovered:
D:1:      dpeg_arrival_fog, layout_basic, shapermc_ecumenical_altar_flowoftime
D:2:      kennysheep_the_goblin_king, layout_loops_cross, feat_on_display
D:3:      layout_basic
D:4:      layout_loops_ring, makhleb_heckhound_becter, portal_sewer_entry_f,
          st_stairs_4, nicolae_shop_overcharged_wands
D:5:      layout_rooms, nicolae_overflow_hidden_temple, old_standard_altar,
          nicolae_fountain_basement
D:6:      layout_basic, nicolae_elyvilon_temple_path, slow_altar_1,
          serial_shops, nicolae_shop_peninsula, minmay_manual_mail
D:7:      layout_rooms, nicolae_tso_carved_into_rock,
          minmay_temple_entry_overgrown, nicolae_titane
D:8:      layout_basic, nzn_wu_jian_contemplation, nicolae_ru_awakened_eye,
          zin_academy, serial_shops, nicolae_shop_gaudy_bauble,
          ebering_ghost_inner_flame, minmay_misc_feat_ornament,
          uniq_prince_ribbit1
D:9:      layout_basic, nicolae_vehumet_altar_sigil, serial_shops, shop
D:10:     layout_basic, dpeg_oklobed_lair, orc_0_dummy
D:11:     layout_basic, serial_shops, shop, uniq_fannar, uniq_sonja
Temple:   nicolae_temple_x_marks_the_god

Skill      XL: |  1  2  3  4  5  6  7  8  9 10 |
---------------+-------------------------------+-----
Axes           | 3 4 5 6 8 9 11 14 15 16 | 16.3
Dodging        | 3 5 |  5.8
Fighting       | 5 6 |  6.3
Armour         | 4 6 |  6.2
Shields        | 4 6 |  6.1
Invocations    | 2 |  2.5

Action                     |  1- 3 |  4- 6 |  7- 9 | 10-12 || total
---------------------------+-------+-------+-------+-------++-------
  Melee: War axe           |    77 |   160 |   260 |   117 ||   614
         Headbutt          |     9 |    16 |    42 |    27 ||    94
 Invoke: Heroism           |       |       |       |     1 ||     1
  Evoke: Wand              |       |       |     2 |     1 ||     3
    Use: Scroll            |       |     8 |       |       ||     8
   Stab: Invisible         |       |       |       |     2 ||     2
 Armour: Scale mail        |    60 |    78 |   139 |    89 ||   366
  Dodge: Dodged            |    41 |    77 |    95 |    76 ||   289
  Block: Buckler           |    16 |    67 |   103 |    32 ||   218
         Reflection        |       |       |     5 |       ||     5

Table legend: (Time is in decaauts)
 A = Elapsed time spent in this place.
 B = Non-inter-level travel time spent in this place.
 C = Inter-level travel time spent in this place.
 D = Time resting spent in this place.
 E = Time spent auto-exploring this place.
 F = Levels seen in this place.
 G = Mean time per level.
                   A        B        C        D        E       F      G
               +--------+--------+--------+--------+--------+-----+--------+
         Total |   9472 |   8773 |    699 |    150 |   7303 |  13 |  728.6 |
       Dungeon |   9068 |   8387 |    681 |    150 |   7049 |  11 |  824.4 |
        Temple |     30 |     12 |     18 |      0 |      0 |   1 |   30.0 |
         Sewer |    373 |    373 |      0 |      0 |    254 |   1 |  373.0 |
               +--------+--------+--------+--------+--------+-----+--------+

Top non-repeatable levels by time:
     D:6: 1438 daAuts
     D:9: 1105 daAuts
     D:4: 1019 daAuts
    D:10: 954 daAuts
     D:8: 834 daAuts
     D:7: 778 daAuts
     D:2: 773 daAuts
     D:1: 762 daAuts
     D:5: 696 daAuts
     D:3: 590 daAuts
   Sewer: 373 daAuts
    D:11: 115 daAuts
  Temple: 30 daAuts
